 Dungeon Crawl Stone Soup version 0.24-a0-537-g2d01d4ab0a (webtiles) character file.

Game seed: 8693212677473300916

46 Mithandil the Skirmisher (level 3, -3/29 HPs)
             Began as a Demonspawn Abyssal Knight on Aug 15, 2019.
             Was a Follower of Lugonu.
             Slain by an orc
             ... wielding a +0 club
              (4 damage)
             ... on level 2 of the Dungeon.
             The game lasted 00:09:39 (1865 turns).

Mithandil the Skirmisher (DsAK)                     Turns: 1865, Time: 00:09:39

Health: -3/29      AC:  3    Str: 13    XL:     3   Next: 46%
Magic:  0/14       EV: 11    Int: 13    God:    Lugonu [*.....]
Gold:   103        SH:  0    Dex: 12    Spells: 2/2 levels left

rFire    . . .     SeeInvis .   n - -2 dagger (curse)
rCold    . . .     Gourm    .   (no shield)
rNeg     . . .     Faith    .   d - +0 leather armour
rPois    +         Spirit   +   (no helmet)
rElec    .         Reflect  .   (no cloak)
rCorr    .         Harm     .   (no gloves)
MR       .....                  (no boots)
Stlth    ++........             m - amulet of guardian spirit
HPRegen  0.09/turn              j - ring of magical power
MPRegen  0.14/turn              i - ring of poison resistance

@: no status effects
A: nightstalker 1, powered by pain 1
a: Depart the Abyss, Renounce Religion


You were on level 2 of the Dungeon.
You worshipped Lugonu.
Lugonu was aware of your devotion.
You were not hungry.

You visited 1 branch of the dungeon, and saw 3 of its levels.
You visited the Abyss 1 time.

You collected 103 gold pieces.

Inventory:

Hand Weapons
 a - a +1 spear
 b - a +0 hunting sling
 g - a +0 short sword
 n - a cursed -2 dagger (weapon)
Missiles
 e - 93 stones
 f - 5 atropa-tipped darts (quivered)
 k - 103 arrows
Armour
 d - a +0 leather armour (worn)
 o - a +0 plate armour
Jewellery
 i - a ring of poison resistance (right hand)
 j - a ring of magical power (left hand)
 m - an amulet of guardian spirit (around neck)
Potions
 h - a potion of ambrosia
Comestibles
 c - 5 rations


   Skills:
 + Level 3.1 Fighting
 * Level 2.3 Polearms
 + Level 0.1 Throwing
 + Level 2.0 Armour
 + Level 1.3 Dodging
 + Level 0.7 Stealth
 + Level 0.8 Unarmed Combat
 + Level 2.8 Invocations


You had 2 spell levels left.
You didn't know any spells.
Your spell library was empty.

Dungeon Overview and Level Annotations

Branches:
Dungeon (3/15)

Altars:


Innate Abilities, Weirdness & Mutations

You are slightly more attuned to the shadows.
You sometimes gain a little power by taking damage.


Message History

The orc is heavily wounded.
The jackal bites you.
* * * LOW HITPOINT WARNING * * *
The orc barely misses you.
You hit the orc but do no damage.
The orc is heavily wounded.
The jackal barely misses you. The jackal closely misses you.
The orc misses you.
You barely miss the orc.
The orc is moderately wounded.
The jackal bites you.
* * * LOW HITPOINT WARNING * * *
The orc closely misses you.
You hit the orc but do no damage.
The orc is moderately wounded.
The jackal closely misses you.
You closely miss the orc.
The orc is moderately wounded.
The jackal bites you. The orc hits you with a +0 club.
You die...

...##.# .###
#.....# ...#
#.#..###
#..###.......
#.#....#####
#...........
#####..#.#####.
#####.....##..#
#.o@hg#######.#
#.#####
#####.##### ..
#..........#
#..
#.......)<.# ##
#..>.......#
...........#
#..........#
#..........#
..........#


You could see an orc, a jackal and a hobgoblin.

Vanquished Creatures
  2 dart slugs (D:1)
  2 leopard geckos (D:1)
  5 bats (D:1)
  2 giant cockroaches (D:1)
  2 goblins
  2 hobgoblins (D:1)
  9 jackals
  4 kobolds
  7 rats
35 creatures vanquished.

Notes
Turn   | Place    | Note
-------+----------+-------------------------------------------
     0 | Abyss:1  | Mithandil the Demonspawn Abyssal Knight began the quest for
                  | the Orb.
     0 | Abyss:1  | Reached XP level 1. HP: 18/18 MP: 2/2
    43 | Abyss:1  | Noticed a starcursed mass
    44 | D:1      | Escaped the Abyss
   103 | D:1      | Reached skill level 1 in Dodging
   226 | D:1      | Gained mutation: You sometimes gain a little power by
                  | taking damage. [demonic ancestry]
   226 | D:1      | Reached XP level 2. HP: 17/24 MP: 3/3
   351 | D:1      | Reached * piety under Lugonu
   788 | D:1      | Gained mutation: You are slightly more attuned to the
                  | shadows. [demonic ancestry]
   788 | D:1      | Reached XP level 3. HP: 26/29 MP: 4/4
  1503 | D:2      | HP: 1/29 [jackal (1)]
  1863 | D:2      | HP: 1/29 [jackal (1)]
  1865 | D:2      | Slain by an orc

Levels and vault maps discovered:
D:1:      minmay_arrival_split_and_join, layout_basic, roderic_lattice_a
D:2:      layout_rooms, lemuel_doored_altar, uniq_jessica
D:3:      layout_rooms

Skill      XL: |  1  2  3 |
---------------+----------+-----
Dodging        | 1 |  1.3
Polearms       | 2 |  2.3
Armour         | 2 |  2.0
Fighting       | |  3.1
Throwing       | |  0.1
Stealth        | |  0.7
Unarmed Combat | |  0.8
Invocations    | |  2.8

Action                   || total
-------------------------++-------
Melee: Spear             ||    94
       Dagger            ||   112
       Punch             ||     1
 Fire: Hunting sling     ||     2
Invok: Depart the Abyss  ||     1
  Use: Potion            ||     3
       Scroll            ||     2
 Stab: Sleeping          ||     3
  Eat: Chunk             ||     3
Armor: Leather armour    ||    75
Dodge: Dodged            ||   130

Table legend:
 A = Non-vault XP
 B = Vault XP
 C = Vault XP percentage of total XP
 D = Non-vault monster count
 E = Vault monster count
 F = Vault count percentage of total count
                 A         B        C        D         E       F
            +---------+---------+-------+---------+---------+-------
      Total |      67 |       0 |   0.0 |      35 |       0 |   0.0
            +---------+---------+-------+---------+---------+-------
        D:1 |      54 |       0 |   0.0 |      28 |       0 |   0.0
        D:2 |      11 |       0 |   0.0 |       6 |       0 |   0.0
        D:3 |       2 |       0 |   0.0 |       1 |       0 |   0.0
            +---------+---------+-------+---------+---------+-------
